[Event "Titled Tuesday Blitz March 14 Late 2023"]
[White "Priasmoro, Novendra"]
[Black "Sjugirov, Sanan"]
[WhiteFideId "7105029"]
[BlackFideId "4189302"]
[WhiteElo "2412"]
[BlackElo "2569"]
[Result "1-0"]
[Round "04"]
[TimeControl "180+1"]
[Date "2023.03.14"]
[WhiteClock "0:00:29"]
[BlackClock "0:00:16"]

1. e4 e5 2. Nf3 Nc6 3. Bb5 a6 4. Ba4 Nf6 5. O-O d6 6. d4 b5 7. Bb3 Nxd4 8. Nxd4 exd4 9. a4 Bb7 10. Qxd4 c5 11. Qe3 Be7 12. Nc3 c4 13. Ba2 O-O 14. Rd1 Qe8 15. b4 d5 16. e5 Bxb4 17. Bb2 Ng4 18. Qg3 Qe6 19. Ne2 Bc5 20. Bd4 Bxd4 21. Nxd4 Qg6 22. c3 Rfe8 23. Bb1 Qh5 24. Nf5 1-0


[Site "https://www.chess.com"]

[Event "Titled Tuesday Blitz March 14 Late 2023"]
[White "Reprintsev, Alexander"]
[Black "Drygalov, Andrey"]
[WhiteFideId "14100541"]
[BlackFideId "24171735"]
[WhiteElo "2229"]
[BlackElo "2471"]
[Result "0-1"]
[Round "04"]
[TimeControl "180+1"]
[Date "2023.03.14"]
[WhiteClock "0:01:14"]
[BlackClock "0:01:50"]

1. e4 c5 2. b3 Nf6 3. e5 Nd5 4. Nc3 e6 5. Ne4 f5 6. exf6 Nxf6 7. Qe2 Be7 8. Bb2 O-O 9. O-O-O Nc6 10. Nf3 d5 11. Ng3 a5 12. h3 a4 13. Ne5 axb3 14. axb3 Nd4 15. Qe3 Nd7 16. Bd3 Nxe5 17. Qxe5 Bf6 18. Qh5 g6 19. Qh6 Qa5 20. Nh5 Ne2+ 21. Bxe2 Qa1+ 0-1


[Site "https://www.chess.com"]

[Event "Titled Tuesday Blitz March 14 Late 2023"]
[White "Riff, Vincent"]
[Black "Madaminov, Mukhiddin"]
[WhiteFideId "617776"]
[BlackFideId "14210703"]
[WhiteElo "2369"]
[BlackElo "2511"]
[Result "1-0"]
[Round "04"]
[TimeControl "180+1"]
[Date "2023.03.14"]
[WhiteClock "0:00:45"]
[BlackClock "0:00:03"]

1. e4 e5 2. Nf3 Nc6 3. Bb5 a6 4. Ba4 Nf6 5. d3 d6 6. O-O b5 7. Bb3 Na5 8. Nc3 Be7 9. Ne2 O-O 10. Ng3 Re8 11. Bd2 Nxb3 12. axb3 Bf8 13. c4 Rb8 14. Qc2 Nd7 15. Rfc1 Nc5 16. b4 Ne6 17. Be3 bxc4 18. Qxc4 g6 19. d4 exd4 20. Nxd4 Rb7 21. Nxe6 Bxe6 22. Qc3 Bg7 23. Bd4 Bxd4 24. Qxd4 Qb8 25. Qf6 Rxb4 26. h4 c5 27. Rxa6 Qd8 28. Qf4 Rxb2 29. Rxd6 Qe7 30. e5 Rb4 31. Qh6 Rxh4 32. Qe3 Rc4 33. Ne4 Rxc1+ 34. Qxc1 Rc8 35. Qh6 f5 36. exf6 1-0


[Site "https://www.chess.com"]

[Event "Titled Tuesday Blitz March 14 Late 2023"]
[White "Ronka, Erik"]
[Black "Campelo, Leandro Fabricio"]
[WhiteFideId "505080"]
[BlackFideId "2103346"]
[WhiteElo "2264"]
[BlackElo "2070"]
[Result "1-0"]
[Round "04"]
[TimeControl "180+1"]
[Date "2023.03.14"]
[WhiteClock "0:00:37"]
[BlackClock "0:00:45"]

1. e4 c5 2. Nf3 e6 3. g3 Nc6 4. Bg2 a6 5. O-O g6 6. c3 Bg7 7. d4 cxd4 8. cxd4 d5 9. e5 Nge7 10. Nc3 h6 11. h4 O-O 12. Bf4 Kh7 13. Qd2 Bd7 14. Rac1 Rc8 15. Rfe1 b5 16. Bf1 Qb6 17. Bd3 Nf5 18. Bxf5 gxf5 19. Kg2 Na5 20. b3 b4 21. Ne2 Nb7 22. Be3 a5 23. Nf4 Rxc1 24. Rxc1 Rc8 25. Rxc8 Bxc8 26. Nh5 Bh8 27. Bxh6 Qc6 28. Qg5 1-0


[Site "https://www.chess.com"]

[Event "Titled Tuesday Blitz March 14 Late 2023"]
[White "Rostomyan, Mikayel"]
[Black "Miszler, Levente"]
[WhiteFideId "13313754"]
[BlackFideId "763276"]
[WhiteElo "2009"]
[BlackElo "2176"]
[Result "1-0"]
[Round "04"]
[TimeControl "180+1"]
[Date "2023.03.14"]
[WhiteClock "0:00:09"]
[BlackClock "0:00:04"]

1. d4 Nf6 2. Nf3 g6 3. b3 Bg7 4. Bb2 O-O 5. e3 d5 6. Be2 b6 7. O-O Bb7 8. c4 Nbd7 9. Nc3 e6 10. Rc1 c5 11. cxd5 Nxd5 12. Nxd5 Bxd5 13. Qd2 Rc8 14. Ba6 Rc7 15. Rfd1 Qa8 16. Ne1 Nb8 17. Bc4 Rfc8 18. dxc5 Bxb2 19. Qxb2 Bxc4 20. cxb6 axb6 21. Rxc4 Rxc4 22. bxc4 Qc6 23. Rc1 Nd7 24. Nf3 Qe4 25. Qd4 Qxd4 26. exd4 Kf8 27. Kf1 Ke7 28. Ke2 Kd6 29. Kd3 Ra8 30. Rc2 Ra3+ 31. Ke2 e5 32. d5 h6 33. Nd2 Nc5 34. Rb2 Na4 35. Ne4+ Kd7 36. Rc2 f5 37. Nf6+ Ke7 38. Ng8+ Kd6 39. Nxh6 Nc3+ 40. Ke1 Nxa2 41. Nf7+ Kc5 42. Nxe5 Nb4 43. Rb2 Ra7 44. Kd2 Re7 45. Nd3+ Nxd3 46. Kxd3 Re1 47. Rb5+ Kd6 48. Rxb6+ Kd7 49. Rxg6 Rf1 50. Ke2 Rc1 51. Kd3 Rf1 52. Kd4 Rxf2 53. Kc5 Rxg2 54. Rxg2 1-0


[Site "https://www.chess.com"]

[Event "Titled Tuesday Blitz March 14 Late 2023"]
[White "Ruiz Castillo, Joshua Daniel"]
[Black "Kramnik, Vladimir"]
[WhiteFideId "4400704"]
[BlackFideId "4101588"]
[WhiteElo "2491"]
[BlackElo "2712"]
[Result "0-1"]
[Round "04"]
[TimeControl "180+1"]
[Date "2023.03.14"]
[WhiteClock "0:00:03"]
[BlackClock "0:00:03"]

1. b3 e5 2. Bb2 Nc6 3. Nf3 e4 4. Nd4 Nxd4 5. Bxd4 c5 6. Bb2 Nf6 7. c4 Be7 8. Nc3 O-O 9. e3 b6 10. d4 exd3 11. Bxd3 Bb7 12. O-O d5 13. cxd5 Nxd5 14. Nxd5 Qxd5 15. Qg4 Qg5 16. Qxg5 Bxg5 17. Rfd1 Rfd8 18. Bc4 Kf8 19. Be5 Rxd1+ 20. Rxd1 Rd8 21. Rxd8+ Bxd8 22. f3 a6 23. a4 g6 24. Bd6+ Ke8 25. Kf2 Kd7 26. Bf8 Ke8 27. Bd6 h5 28. e4 Kd7 29. Bf8 Ke8 30. Bd6 g5 31. Ke3 h4 32. g3 Kd7 33. Bf8 f6 34. f4 gxf4+ 35. gxf4 Bc7 36. Bg7 Ke7 37. e5 fxe5 38. fxe5 h3 39. Kf4 b5 40. axb5 axb5 41. Bf6+ Kf8 42. Bxb5 Kf7 43. Bc4+ Kg6 44. Be7 Bb6 45. Bd6 Bg2 46. e6 Kf6 47. Be5+ Ke7 48. Kf5 Bc6 49. Bf6+ Ke8 50. Bh4 Bc7 51. Kg4 Bxh2 52. Kxh3 Bd6 53. Kg4 Be7 54. Bf2 Be4 55. Kf4 Bc2 56. Ke5 Bd1 57. Be3 Kd8 58. Bd5 Bc2 59. Bd2 Kc7 60. Ba5+ Kc8 61. Bc4 Kb7 62. Bd2 Kc6 63. Bd5+ Kb6 64. Bh6 Kb5 65. Bc4+ Kb4 66. Bd2+ Ka3 0-1


[Site "https://www.chess.com"]

[Event "Titled Tuesday Blitz March 14 Late 2023"]
[White "Rustemov, Alexander"]
[Black "Tanenbaum, Zachary"]
[WhiteFideId "4119002"]
[BlackFideId "2060850"]
[WhiteElo "2936"]
[BlackElo "2175"]
[Result "1-0"]
[Round "04"]
[TimeControl "180+1"]
[Date "2023.03.14"]
[WhiteClock "0:00:17"]
[BlackClock "0:00:04"]

1. d4 d5 2. c4 dxc4 3. Nf3 Nf6 4. e3 Bg4 5. Bxc4 e6 6. h3 Bh5 7. Nc3 Nbd7 8. O-O Bb4 9. g4 Bg6 10. Nh4 O-O 11. Nxg6 hxg6 12. Qf3 c6 13. Rd1 Qe7 14. Bd2 Nd5 15. Bf1 Rfd8 16. Bg2 Bxc3 17. bxc3 e5 18. e4 N5b6 19. Qe2 c5 20. dxe5 Nxe5 21. f4 Nec4 22. Be1 Qf6 23. Qf2 g5 24. fxg5 Qxg5 25. Qf5 Qe3+ 26. Bf2 Qxc3 27. Qxc5 Rac8 28. Qg5 Rxd1+ 29. Rxd1 Ne5 30. Bd4 f6 31. Bxc3 fxg5 32. Bxe5 Rc2 33. a3 Nc4 34. Bd4 a5 35. e5 Kf8 36. Bxb7 Nxa3 37. Ra1 Nb5 38. Bb6 Nc3 39. Rxa5 Ne2+ 40. Kf1 Ng3+ 41. Ke1 Rb2 42. Bc5+ Kf7 43. Bd5+ Kg6 44. e6 Re2+ 45. Kd1 Re5 46. Bd4 Re2 47. Ra3 Rh2 48. Rxg3 Rxh3 49. Re3 Rh4 50. e7 Rh8 51. e8=Q+ Rxe8 52. Rxe8 Kh7 53. Re5 Kg6 54. Be4+ Kh6 55. Re6+ g6 56. Rxg6+ Kh7 57. Rxg5+ Kh6 58. Rh5# 1-0


[Site "https://www.chess.com"]

[Event "Titled Tuesday Blitz March 14 Late 2023"]
[White "Sailer, Mike"]
[Black "Grycel, Kamil"]
[WhiteFideId "2012901"]
[BlackFideId "1115499"]
[WhiteElo "2109"]
[BlackElo "2463"]
[Result "0-1"]
[Round "04"]
[TimeControl "180+1"]
[Date "2023.03.14"]
[WhiteClock "0:00:01"]
[BlackClock "0:00:27"]

1. d4 f5 2. Bg5 Nf6 3. Bxf6 exf6 4. e3 d5 5. Bd3 c6 6. Qf3 g6 7. h4 h5 8. Ne2 Bd6 9. Nf4 Bxf4 10. Qxf4 Be6 11. Nd2 Nd7 12. Rh3 Qb8 13. Rg3 Qxf4 14. exf4 Kf7 15. O-O-O Rhe8 16. Re1 Nb6 17. Rge3 Rad8 18. b3 Bc8 19. Rxe8 Rxe8 20. Rxe8 Kxe8 21. c4 dxc4 22. bxc4 Be6 23. Kc2 Ke7 24. Kc3 Nd7 25. Kb4 b6 26. a4 Kd6 27. Be2 c5+ 28. dxc5+ Nxc5 29. a5 Bd7 30. axb6 axb6 31. Nf3 Ne4 32. Nd4 Nxf2 33. Nb5+ Bxb5 34. Kxb5 Kc7 35. c5 bxc5 36. Kxc5 Ne4+ 37. Kd4 Kd6 38. Bc4 Ke7 39. Bd3 Nd6 40. Be2 Nf7 41. Bc4 Nd6 42. Bb3 Ne4 43. Bc4 Nf2 44. Ke3 Ng4+ 45. Kd4 Nh2 46. Ke3 Ng4+ 47. Kf3 Nh6 48. g3 Kd6 49. Ke3 Ng4+ 50. Kf3 Ke7 51. Bd5 Nh2+ 52. Kg2 Ng4 53. Kf3 Kf8 54. Be6 Kg7 55. Bb3 Nh2+ 56. Kg2 Ng4 57. Kf3 Kh6 58. Ba2 Nh2+ 59. Kg2 Ng4 60. Kf3 Kh7 61. Bb3 Nh6 62. Ba2 Kg7 63. Bb3 Ng4 64. Ba2 Kh6 65. Bb3 g5 66. Bc2 Kg6 67. Bb1 Nh2+ 68. Kg2 Ng4 69. Kf3 Nh6 0-1


[Site "https://www.chess.com"]

[Event "Titled Tuesday Blitz March 14 Late 2023"]
[White "Sakun, Volodymyr"]
[Black "Dinu, Dumitru-Daniel"]
[WhiteFideId "14114062"]
[BlackFideId "1208403"]
[WhiteElo "2331"]
[BlackElo "2240"]
[Result "0-1"]
[Round "04"]
[TimeControl "180+1"]
[Date "2023.03.14"]
[WhiteClock "0:00:08"]
[BlackClock "0:00:05"]

1. d4 Nf6 2. c4 e6 3. g3 Bb4+ 4. Bd2 a5 5. Nc3 O-O 6. Bg2 Qe7 7. e4 c5 8. Nge2 Nc6 9. d5 Ne5 10. Bf4 Nxc4 11. d6 Qd8 12. e5 Nd5 13. Bxd5 exd5 14. Qxd5 Nb6 15. Qe4 f6 16. O-O fxe5 17. Bxe5 Qe8 18. a3 Bxc3 19. Nxc3 Qe6 20. Bf4 Qxe4 21. Nxe4 Nd5 22. Bd2 b6 23. f4 Bb7 24. Nc3 Rae8 25. Rae1 Kf7 26. Nxd5 Bxd5 27. Bc3 Bc4 28. Rxe8 Rxe8 29. Rf2 g6 30. Be5 Ke6 31. g4 h5 32. h3 hxg4 33. hxg4 g5 34. Kg2 gxf4 35. Bxf4 Bd5+ 36. Kg3 Rg8 37. Re2+ Kf6 38. Re7 Be6 39. g5+ Kf5 40. Rh7 Ke4 41. Rh6 Rf8 42. g6 Rxf4 43. Rh4 Rxh4 44. Kxh4 Kf5 45. Kh5 Kf6 46. Kh6 Bg8 47. g7 c4 48. a4 Kf7 49. Kg5 Kxg7 50. Kf5 Be6+ 51. Ke5 Kg6 52. Kd4 Kf5 53. Kc3 Ke5 0-1


[Site "https://www.chess.com"]

[Event "Titled Tuesday Blitz March 14 Late 2023"]
[White "Sanchez Alvares, Kelvin Antonio"]
[Black "Quispe Santacruz, Javier"]
[WhiteFideId "3906680"]
[BlackFideId "3800920"]
[WhiteElo "2217"]
[BlackElo "1875"]
[Result "1-0"]
[Round "04"]
[TimeControl "180+1"]
[Date "2023.03.14"]
[WhiteClock "0:00:07"]
[BlackClock "0:00:01"]

1. e4 c5 2. Nf3 d6 3. d4 cxd4 4. Nxd4 Nf6 5. Nc3 g6 6. f3 Bg7 7. Bc4 O-O 8. Be3 Nc6 9. Qd2 Bd7 10. h4 Rc8 11. Bb3 h5 12. O-O-O Nxd4 13. Bxd4 b5 14. Nd5 Nxd5 15. Bxg7 Kxg7 16. Bxd5 a5 17. a3 Qc7 18. Kb1 b4 19. axb4 axb4 20. Bb3 Be6 21. Qxb4 Rb8 22. Qd4+ Kh7 23. Rd3 Ra8 24. Rhd1 Qa5 25. Kc1 Rfc8 26. c4 Rab8 27. Qc3 Rb4 28. Kd2 Qc5 29. Ke2 Bxc4 30. Bxc4 Rxc4 31. Qa3 Rc2+ 32. R1d2 Rxd2+ 33. Rxd2 Qc4+ 34. Qd3 Qc5 35. Qa3 Qg1 36. Kd3 Qf1+ 37. Ke3 Qe1+ 38. Re2 Qc1+ 39. Kf2 Qf4 40. g3 Qc1 41. Qb3 e6 42. Qb7 Rc7 43. Qb6 Qc5+ 44. Qxc5 Rxc5 45. b4 Rb5 46. Rb2 Kg7 47. Ke3 Kf6 48. Kd4 Ke7 49. Kc4 Rb8 50. b5 Kd7 51. Kb4 Kc7 52. Rc2+ Kb7 53. Rc6 Rd8 54. Kc4 d5+ 55. exd5 Rxd5 56. Ra6 Re5 57. Ra3 Re1 58. f4 Rc1+ 59. Kb4 Rb1+ 60. Kc5 Rc1+ 61. Kd6 Rb1 62. Ke7 Rxb5 63. Kxf7 Rf5+ 64. Kxg6 1-0


[Site "https://www.chess.com"]

[Event "Titled Tuesday Blitz March 14 Late 2023"]
[White "Santos Flores, Alberto"]
[Black "Jimenez, Joaquin"]
[WhiteFideId "3601234"]
[BlackFideId "109860"]
[WhiteElo "2235"]
[BlackElo "2163"]
[Result "1-0"]
[Round "04"]
[TimeControl "180+1"]
[Date "2023.03.14"]
[WhiteClock "0:01:20"]
[BlackClock "0:00:06"]

1. e4 e6 2. d4 d5 3. Nc3 Bb4 4. e5 c5 5. a3 Bxc3+ 6. bxc3 Ne7 7. Nf3 b6 8. a4 Ba6 9. Bb5+ Bxb5 10. axb5 a5 11. bxa6 Rxa6 12. Bg5 Qc8 13. Bxe7 Kxe7 14. O-O Nc6 15. Qd2 h6 16. c4 Rd8 17. cxd5 exd5 18. Qc3 Nb4 19. Rxa6 Nxa6 20. Qa3 Kf8 21. Ra1 Nb4 22. Qb2 Kg8 23. c3 Nd3 24. Qxb6 cxd4 25. cxd4 Nf4 26. g3 Ne6 27. Ra7 Qc1+ 28. Kg2 Qc3 29. Qb7 Rf8 30. Qxd5 Rd8 31. Qb7 Rf8 32. d5 Nc5 33. Qc7 Qb4 34. d6 Ne6 35. Qe7 Qe4 36. d7 Ng5 37. Qxf8+ Kh7 38. Qa3 1-0


[Site "https://www.chess.com"]

[Event "Titled Tuesday Blitz March 14 Late 2023"]
[White "Sarana, Alexey"]
[Black "Ozen, Bahadir"]
[WhiteFideId "24133795"]
[BlackFideId "6337058"]
[WhiteElo "2714"]
[BlackElo "2503"]
[Result "1-0"]
[Round "04"]
[TimeControl "180+1"]
[Date "2023.03.14"]
[WhiteClock "0:00:55"]
[BlackClock "0:00:19"]

1. c4 e6 2. Nc3 d5 3. d4 c6 4. cxd5 exd5 5. Bf4 Bd6 6. Bxd6 Qxd6 7. e3 Bf5 8. Nge2 Ne7 9. Ng3 Bg6 10. h4 h6 11. h5 Bh7 12. Bd3 Bxd3 13. Qxd3 O-O 14. O-O-O Nd7 15. Kb1 Nf6 16. Rh4 Rfe8 17. Rf4 Rad8 18. Nf5 Nxf5 19. Rxf5 Ne4 20. Nxe4 Rxe4 21. Qe2 Rde8 22. Qf3 Qe7 23. a3 a5 24. Rc1 a4 25. Qd1 Ra8 26. g3 Qe6 27. Rf4 Rxf4 28. gxf4 Qf5+ 29. Ka2 Kf8 30. Qe2 Kg8 31. Rg1 Kf8 32. Qg4 Qxg4 33. Rxg4 f6 34. Kb1 Kf7 35. Rg1 Ra5 36. f5 Rb5 37. Rc1 Rb3 38. Rc5 Rb5 39. Rxb5 cxb5 40. b3 axb3 41. Kb2 b4 42. a4 Ke7 43. Kxb3 Kd6 44. Kxb4 b6 45. Kb5 Kc7 46. f3 Kb7 47. e4 dxe4 48. fxe4 Kc7 49. e5 1-0


[Site "https://www.chess.com"]

[Event "Titled Tuesday Blitz March 14 Late 2023"]
[White "Sarkar, Justin"]
[Black "Hartikainen, Jarmo"]
[WhiteFideId "2010011"]
[BlackFideId "503134"]
[WhiteElo "2189"]
[BlackElo "2175"]
[Result "1-0"]
[Round "04"]
[TimeControl "180+1"]
[Date "2023.03.14"]
[WhiteClock "0:00:05"]
[BlackClock "0:00:31"]

1. d4 Nf6 2. c4 g6 3. Nc3 d5 4. cxd5 Nxd5 5. e4 Nxc3 6. bxc3 Bg7 7. Bc4 O-O 8. Ne2 c5 9. Be3 Qc7 10. Rc1 Nd7 11. h4 h5 12. e5 Nb6 13. Bb3 Bg4 14. f3 Bf5 15. Ng3 Qd7 16. dxc5 Nc8 17. Qxd7 Bxd7 18. f4 e6 19. Kf2 Bc6 20. Ne2 Ne7 21. Nd4 Rac8 22. Rhd1 Bd5 23. Nb5 Nf5 24. Bxd5 exd5 25. Rxd5 Nxh4 26. Nd6 Rc7 27. g3 Nf5 28. Nxf5 gxf5 29. Rh1 Rfc8 30. Rxh5 b6 31. Rxf5 bxc5 32. Rg5 Kf8 33. Rh5 Rc6 34. f5 Ke8 35. f6 Bf8 36. Rh8 Re6 37. Bh6 1-0


[Site "https://www.chess.com"]

[Event "Titled Tuesday Blitz March 14 Late 2023"]
[White "Sattarov, Bobir"]
[Black "Diaz Perez, Michel Alejandro"]
[WhiteFideId "14203081"]
[BlackFideId "3517179"]
[WhiteElo "2351"]
[BlackElo "2333"]
[Result "0-1"]
[Round "04"]
[TimeControl "180+1"]
[Date "2023.03.14"]
[WhiteClock "0:00:21"]
[BlackClock "0:00:17"]

1. e4 c6 2. c4 d5 3. exd5 cxd5 4. cxd5 Nf6 5. Qa4+ Nbd7 6. Nc3 g6 7. Bc4 Bg7 8. d3 O-O 9. Nf3 Nb6 10. Qb3 Bg4 11. Ne5 Bf5 12. O-O Nfxd5 13. Nxf7 Rxf7 14. Nxd5 Nxc4 15. dxc4 Rc8 16. Bg5 h6 17. Bh4 g5 18. Bg3 e6 19. Ne3 Bg6 20. Rad1 Qa5 21. Rd6 Rc6 22. Rxc6 bxc6 23. Rd1 Qa6 24. h3 Rb7 25. Rd8+ Kh7 26. Qd1 Rxb2 27. Rd7 Rb1 28. Be5 Rxd1+ 29. Nxd1 h5 30. Rxg7+ Kh6 31. Re7 Bf5 32. Ne3 Qxa2 33. h4 gxh4 34. Rc7 Qa5 35. Kh2 Qxe5+ 0-1


[Site "https://www.chess.com"]

[Event "Titled Tuesday Blitz March 14 Late 2023"]
[White "Senft, Sean"]
[Black "Domingo Nunez, Ruben"]
[WhiteFideId "2044960"]
[BlackFideId "22245570"]
[WhiteElo "1989"]
[BlackElo "2404"]
[Result "0-1"]
[Round "04"]
[TimeControl "180+1"]
[Date "2023.03.14"]
[WhiteClock "0:00:02"]
[BlackClock "0:00:23"]

1. e4 a6 2. d4 b5 3. Nf3 Bb7 4. Bd3 e6 5. O-O Nf6 6. Re1 c5 7. c3 cxd4 8. cxd4 d5 9. e5 Ne4 10. Nc3 Nxc3 11. bxc3 Nc6 12. Bg5 Be7 13. Bxe7 Qxe7 14. a4 b4 15. Rb1 O-O 16. cxb4 Nxb4 17. Qb3 a5 18. Bb5 Rac8 19. Rec1 Rc7 20. h3 Rfc8 21. Qd1 Rc3 22. Rxc3 Rxc3 23. Rc1 Qc7 24. Rxc3 Qxc3 25. Qd2 Qa1+ 26. Kh2 h6 27. Qf4 Bc6 28. Qh4 Qa2 29. Qd8+ Kh7 30. Bxc6 Nxc6 31. Qd7 Qxa4 32. Qxf7 Nxd4 33. Nxd4 Qxd4 34. Qxe6 Qf4+ 35. Kg1 a4 36. Qxd5 a3 37. e6 Qc1+ 38. Kh2 Qc2 39. e7 Qc7+ 40. g3 Qxe7 41. Qf5+ g6 42. Qa5 h5 43. h4 Qf8 44. Kg2 Qd6 45. Qa7+ Kg8 46. Qa8+ Kf7 47. Qa7+ Ke6 48. Qe3+ Kd7 49. Qa7+ Kd8 50. Qa8+ Kc7 51. Qa7+ Kc6 52. Qa6+ Kd5 53. Qd3+ Ke5 54. Qe3+ Kf6 55. Qf3+ Kg7 56. Qc3+ Kh7 57. Qb3 Qe7 58. Qd5 Qa7 59. Qa2 Kh6 60. Qd2+ Kg7 61. Qa2 Qb7+ 62. Kh2 Qb2 63. Qe6 Qxf2+ 64. Kh3 Qf5+ 65. Qxf5 gxf5 66. g4 fxg4+ 0-1


[Site "https://www.chess.com"]

[Event "Titled Tuesday Blitz March 14 Late 2023"]
[White "Sochacki, Christophe"]
[Black "Harvey, Marcus R"]
[WhiteFideId "662569"]
[BlackFideId "400092"]
[WhiteElo "2474"]
[BlackElo "2457"]
[Result "0-1"]
[Round "04"]
[TimeControl "180+1"]
[Date "2023.03.14"]
[WhiteClock "0:00:10"]
[BlackClock "0:00:13"]

1. b3 d5 2. Bb2 Nf6 3. Nf3 e6 4. g3 c5 5. Bg2 Nc6 6. O-O h5 7. e3 Bd6 8. d4 cxd4 9. exd4 Ne4 10. Ne5 h4 11. Nxc6 bxc6 12. Bxe4 dxe4 13. Qg4 Qf6 14. Nd2 hxg3 15. fxg3 Qh6 16. Qe2 Bxg3 17. Nxe4 Bxh2+ 18. Kf2 Qh4+ 19. Ke3 e5 20. dxe5 Be6 21. Rad1 Rh5 22. Kd2 Bf4+ 23. Kd3 Rd8+ 24. Nd6+ Rxd6+ 25. exd6 Rd5+ 26. Bd4 c5 27. Kc3 cxd4+ 28. Kb2 Bxd6 29. Rh1 Qf6 30. Rh8+ Ke7 31. Rd3 Qe5 32. Qd2 Bf5 33. Qg5+ Qf6 34. Qxf6+ Kxf6 35. Rf3 Be5 36. Kc1 Rc5 37. Rf2 g6 38. Rh1 Bg3 39. Rg2 Bf4+ 40. Kd1 Be4 41. Rf2 Bxh1 42. Rxf4+ Rf5 43. Rxd4 Rd5 44. Rxd5 Bxd5 45. c4 Be4 46. Kd2 Ke5 47. Kc3 f5 48. a4 a5 49. b4 axb4+ 50. Kxb4 Kd4 51. a5 f4 52. a6 f3 53. a7 f2 54. a8=Q Bxa8 0-1


[Site "https://www.chess.com"]

[Event "Titled Tuesday Blitz March 14 Late 2023"]
[White "Sonnenschein, Philipp"]
[Black "Wang, Alexander J"]
[WhiteFideId "16250877"]
[BlackFideId "30955270"]
[WhiteElo "2224"]
[BlackElo "2220"]
[Result "0-1"]
[Round "04"]
[TimeControl "180+1"]
[Date "2023.03.14"]
[WhiteClock "0:00:06"]
[BlackClock "0:00:24"]

1. d4 d5 2. c4 e6 3. Nf3 c5 4. cxd5 exd5 5. g3 Nf6 6. Bg2 Nc6 7. O-O Be7 8. Nc3 O-O 9. dxc5 Bxc5 10. Na4 Be7 11. Be3 b6 12. Rc1 Bb7 13. Nc3 Qd7 14. Nd4 Rfd8 15. Qd3 Ne5 16. Qf5 Nc4 17. Qxd7 Rxd7 18. Nxd5 Bxd5 19. Bxd5 Nxe3 20. Bxa8 Nxf1 21. Nb3 Nd2 22. Rc8+ Bf8 23. Bc6 Rd6 24. Nc1 Nde4 25. Nd3 Nc5 26. Ne5 Nfd7 27. Nc4 Rd1+ 28. Kg2 Rd4 29. Ne3 Ne5 30. Nf5 Nxc6 31. Rxc6 Rd8 32. Rc7 g6 33. Ne3 a5 34. Nc4 Ne6 35. Rb7 Bc5 36. Ne5 f6 37. Nd7 Kh8 38. Nxf6 Nf8 39. Rf7 Rd2 40. Ne4 Rd8 41. Nxc5 bxc5 42. Rc7 Ne6 43. Rc6 Re8 44. Ra6 Nd4 45. e3 Ne6 46. Rxa5 Kg7 47. Ra7+ Kg8 48. a4 Rb8 49. Re7 Nf8 50. Rc7 Rxb2 51. Rxc5 Ra2 52. a5 Ne6 53. Re5 Nc7 54. Rc5 Ne6 55. Re5 Kf7 56. Kf3 Nd8 57. Rb5 Nc6 58. Rb7+ Kg8 59. Rc7 Nxa5 60. Ra7 Ra3 61. Kf4 Nc4 62. Rc7 Ra4 63. Kg5 Nd6 64. Rd7 Nf7+ 65. Kf6 Ra6+ 66. Ke7 Kg7 67. Ke8 Re6+ 68. Re7 Rxe7+ 69. Kxe7 Ne5 70. e4 Ng4 71. f4 Nxh2 72. e5 Nf1 73. e6 Nxg3 74. Kd7 Nf5 75. e7 Nxe7 76. Kxe7 h5 0-1


[Site "https://www.chess.com"]

[Event "Titled Tuesday Blitz March 14 Late 2023"]
[White "Stelmaszyk, Nico"]
[Black "Diaz Rosas, Julio Cesar"]
[WhiteFideId "16200462"]
[BlackFideId "5105099"]
[WhiteElo "2255"]
[BlackElo "2270"]
[Result "1-0"]
[Round "04"]
[TimeControl "180+1"]
[Date "2023.03.14"]
[WhiteClock "0:01:13"]
[BlackClock "0:00:05"]

1. e4 c6 2. Nf3 d5 3. d3 Bg4 4. h3 Bh5 5. Nc3 e6 6. g4 Bg6 7. a3 Nf6 8. e5 Nfd7 9. Bg2 c5 10. O-O Nc6 11. Qe2 Be7 12. Bf4 O-O 13. Rad1 a6 14. Bg3 b5 15. Nh2 Bh4 16. Bxh4 Qxh4 17. f3 h6 18. f4 Nd4 19. Qf2 Qxf2+ 20. Rxf2 Bh7 21. Nf3 Nxf3+ 22. Bxf3 b4 23. axb4 cxb4 24. Na4 Rfc8 25. b3 Rc7 26. Ra1 Rac8 27. Bd1 f6 28. exf6 gxf6 29. Kf1 Kf7 30. Ke1 Ke7 31. Kd2 e5 32. f5 Kd6 33. Nb2 Nb8 34. Ra4 Rb7 35. Rg2 Bg8 36. h4 Bf7 37. g5 hxg5 38. hxg5 fxg5 39. Rxg5 Rh8 40. Rg4 Rh2+ 41. Kc1 d4 42. Bf3 Rb6 43. Rg7 Ke7 44. Nc4 Rf6 45. Nxe5 Rxf5 46. Rxf7+ Rxf7 47. Nxf7 Kxf7 48. Rxb4 Nd7 49. Rxd4 Ne5 50. Be4 Ke6 51. Ra4 Kd6 52. Rxa6+ Kc5 53. Kb2 Kd4 54. Ra4+ Ke3 55. b4 Kd2 56. b5 Nd7 57. Bc6 Nc5 58. Rc4 Ne6 59. b6 Rh8 60. Bd5 Ng5 61. b7 1-0


[Site "https://www.chess.com"]

[Event "Titled Tuesday Blitz March 14 Late 2023"]
[White "Svane, Frederik"]
[Black "Nazari, Arad"]
[WhiteFideId "12923044"]
[BlackFideId "12577324"]
[WhiteElo "2502"]
[BlackElo "2313"]
[Result "1-0"]
[Round "04"]
[TimeControl "180+1"]
[Date "2023.03.14"]
[WhiteClock "0:01:32"]
[BlackClock "0:00:05"]

1. e4 c5 2. Nf3 d6 3. Bb5+ Nd7 4. a4 Nf6 5. Nc3 e6 6. O-O Be7 7. d4 cxd4 8. Qxd4 O-O 9. Rd1 a6 10. Bf1 h6 11. Nd2 Qb6 12. Nc4 Qxd4 13. Rxd4 Nc5 14. Nxd6 e5 15. Nxc8 Raxc8 16. Rc4 Ne6 17. Be3 Ng4 18. Nd5 Bd6 19. Bb6 Rxc4 20. Bxc4 Rc8 21. b3 Bc5 22. a5 Nd4 23. c3 Nc2 24. Ra2 Bxb6 25. axb6 1-0


[Site "https://www.chess.com"]

[Event "Titled Tuesday Blitz March 14 Late 2023"]
[White "Svane, Rasmus"]
[Black "Ashraf, Artin"]
[WhiteFideId "4657101"]
[BlackFideId "22514805"]
[WhiteElo "2597"]
[BlackElo "2188"]
[Result "1-0"]
[Round "04"]
[TimeControl "180+1"]
[Date "2023.03.14"]
[WhiteClock "0:00:32"]
[BlackClock "0:00:03"]

1. Nf3 d5 2. g3 Nc6 3. d4 Bf5 4. Bg2 Nb4 5. Na3 e6 6. O-O Be7 7. c3 Nc6 8. Qa4 Qd7 9. Nb5 Nf6 10. Ne5 Nxe5 11. dxe5 c6 12. exf6 cxb5 13. fxg7 Rg8 14. Qd4 f6 15. Bh6 b6 16. Rad1 Qc6 17. Rfe1 Kf7 18. g4 Bc5 19. Qf4 Bd6 20. Qf3 Be4 21. Qh3 Bxg2 22. Kxg2 Ke7 23. Qd3 Qc4 24. e4 Rad8 25. Qxc4 dxc4 26. f4 Kf7 27. f5 Be5 28. h4 b4 29. Rc1 bxc3 30. bxc3 Rd3 31. Red1 exf5 32. Rxd3 cxd3 33. exf5 Rc8 34. c4 Rd8 35. Kf3 d2 36. Rd1 Bc3 37. Ke2 Re8+ 38. Kd3 Re1 39. Kc2 Rxd1 40. Kxd1 Bb4 41. Bxd2 Bd6 42. Bh6 Bg3 43. h5 Bh4 44. Kc2 Kg8 45. Kd3 Bf2 46. Ke4 Kf7 47. Kd5 Bc5 48. a4 a5 49. Kc6 Bd4 50. Bf4 Kxg7 51. Bc7 Kh6 52. Bxb6 Bc3 53. Be3+ Kg7 54. c5 1-0


[Site "https://www.chess.com"]

[Event "Titled Tuesday Blitz March 14 Late 2023"]
[White "Szyszylo, Rafal"]
[Black "Holt, Conrad"]
[WhiteFideId "1109626"]
[BlackFideId "2034387"]
[WhiteElo "1951"]
[BlackElo "2592"]
[Result "0-1"]
[Round "04"]
[TimeControl "180+1"]
[Date "2023.03.14"]
[WhiteClock "0:00:01"]
[BlackClock "0:00:45"]

1. e4 e6 2. d4 d5 3. e5 c5 4. c3 Nc6 5. Nf3 Bd7 6. Be2 Qb6 7. O-O Nh6 8. Bxh6 gxh6 9. Qd2 Rg8 10. Na3 cxd4 11. cxd4 Qb4 12. Qe3 a6 13. Nc2 Qxb2 14. Rfc1 Qb6 15. Rab1 Qa7 16. a4 Rc8 17. Bd3 Rh8 18. Qf4 Bg7 19. Ne3 h5 20. Ng5 Rf8 21. Nxh7 Qxd4 22. Qxd4 Nxd4 23. Nxf8 Bxf8 24. Rxc8+ Bxc8 25. Kf1 Kd8 26. f4 Kc7 27. g3 Bd7 28. Nc2 Nf3 29. Kg2 Nd2 30. Rd1 Nb3 31. Rb1 Bxa4 32. Na1 Nc5 0-1


[Site "https://www.chess.com"]

[Event "Titled Tuesday Blitz March 14 Late 2023"]
[White "Tarnowska, Aleksandra"]
[Black "Bach, Matthias"]
[WhiteFideId "1180967"]
[BlackFideId "4603168"]
[WhiteElo "1776"]
[BlackElo "2165"]
[Result "0-1"]
[Round "04"]
[TimeControl "180+1"]
[Date "2023.03.14"]
[WhiteClock "0:00:03"]
[BlackClock "0:01:32"]

1. e4 e5 2. Nf3 Nc6 3. Bb5 Bc5 4. O-O d6 5. Re1 a6 6. Ba4 Ne7 7. c3 Ba7 8. d4 exd4 9. cxd4 O-O 10. h3 d5 11. e5 Bf5 12. Be3 Be4 13. Nbd2 Nf5 14. Nxe4 dxe4 15. Bxc6 bxc6 16. Nh2 Nxd4 17. Rc1 c5 18. Qh5 Rb8 19. b3 Rb6 20. Ng4 Rg6 21. Rcd1 Qe7 22. Bxd4 cxd4 23. Rxe4 f5 24. Rf4 fxg4 25. Rxf8+ Qxf8 26. hxg4 Qf4 27. Qh4 h6 28. Rf1 Qxg4 29. Qd8+ Kh7 30. g3 d3 0-1


[Site "https://www.chess.com"]